 Dungeon Crawl Stone Soup version 0.23-a0-404-g0063841da3 (console) character file.

30 Gottschkopf the Ruffian (level 3, -2/28 HPs)
             Began as a Draconian Transmuter on Nov 5, 2018.
             Killed from afar by Sigmund (5 damage)
             ... with a magic dart
             ... on level 2 of the Dungeon.
             The game lasted 00:03:13 (678 turns).

Gottschkopf the Ruffian (Draconian Transmuter)       Turns: 678, Time: 00:03:14

Health: -2/28      AC:  6    Str: 12    XL:     3   Next: 3%
Magic:  6/6        EV: 12    Int: 14    God:
Gold:   26         SH:  0    Dex: 11    Spells: 5/6 levels left

rFire    . . .     SeeInvis .     - Unarmed
rCold    . . .     Gourm    .   (no shield)
rNeg     . . .     Faith    .   (armour unavailable)
rPois    .         Spirit   .   (helmet restricted)
rElec    .         Reflect  .   (no cloak)
rCorr    .         Harm     .   g - +0 pair of gloves (curse)
MR       .....                  (no boots)
Stlth    +.........             (no amulet)
HPRegen  0.09/turn              (no ring)
MPRegen  0.10/turn              (no ring)

@: lethally poisoned (-2 -> -10)
A: unfitting armour, cold-blooded, AC +5
a: no special abilities


You were on level 2 of the Dungeon.
You were not hungry.

You visited 1 branch of the dungeon, and saw 2 of its levels.

You collected 26 gold pieces.

Inventory:

Missiles
 a - 40 arrows
Armour
 g - a cursed +0 pair of gloves (worn)
Scrolls
 e - a scroll of noise {unknown}
 i - a scroll of identify {unknown}
Potions
 b - a potion of heal wounds {unknown}
 f - a potion of might {unknown}
 h - a potion of lignification {unknown}
Comestibles
 c - 2 rations
 d - 7 chunks of flesh


   Skills:
 - Level 1.1 Fighting
 - Level 1.7 Dodging
 - Level 4.2 Unarmed Combat
 - Level 2.0 Spellcasting
 + Level 2.0 Transmutations


You had 5 spell levels left.
You knew the following spells:

 Your Spells              Type           Power        Failure   Level  Hunger
a - Beastly Appendage     Tmut           #.....       11%         1    ##.....

Your spell library contained the following spells:

 Spells                   Type           Power        Failure   Level  Hunger
 Sticks to Snakes         Tmut           #.......     16%         2    ###....
 Spider Form              Tmut/Pois      #.........   43%         3    ####...
 Ice Form                 Ice/Tmut       #.......     83%         4    #####..
 Blade Hands              Tmut           #.........   96%         5    ######.


Dungeon Overview and Level Annotations

Branches:
Dungeon (2/15)

Altars:

Annotations:
D:2 Sigmund


Innate Abilities, Weirdness & Mutations

Your plain brown scales are hard. (AC +5)
You cannot fit into any form of body armour.
You are cold-blooded and may be slowed by cold attacks.


Message History

Sigmund shouts!
Sigmund drinks a potion.
Sigmund seems to speed up.
You see here 14 stones.
Sigmund gestures at you while chanting. The puff of flame hits you!
Sigmund screams, "You will never...
NEVER!!!"
Sigmund gestures at you while chanting. The puff of flame misses you.
Sigmund hits you from afar with a +0 scythe of venom!
* * * LOW HITPOINT WARNING * * *
You are lethally poisoned!
* * * LOW HITPOINT WARNING * * *
You feel sick.
* * * LOW HITPOINT WARNING * * *
You feel sick. Sigmund misses you.
* * * LOW HITPOINT WARNING * * *
You feel sick. Sigmund gestures at you while chanting. The magic dart hits you!
You die...

# #### ##.@. ##########
#.(## #........#
###########.##
#........###...........#
#...........@###########
#........@#######
#................
#........########
#........# #........#
#....<...# #<.......#
##########


You could see Sigmund.

Vanquished Creatures
  A dart slug (D:1)
  3 giant cockroaches (D:1)
  A goblin (D:1)
  2 hobgoblins (D:1)
  4 jackals
  5 kobolds (D:1)
  5 bats (D:1)
  2 frilled lizards (D:1)
  3 rats (D:1)
26 creatures vanquished.

Notes
Turn   | Place    | Note
-------+----------+-------------------------------------------
     0 | D:1      | Gottschkopf the Draconian Transmuter began the quest for
                  | the Orb.
     0 | D:1      | Reached XP level 1. HP: 16/16 MP: 3/3
   178 | D:1      | Reached XP level 2. HP: 23/23 MP: 1/5
   336 | D:1      | Reached skill level 4 in Unarmed Combat
   614 | D:1      | Reached XP level 3. HP: 15/28 MP: 4/6
   658 | D:2      | Noticed Sigmund
   678 | D:2      | Killed from afar by Sigmund

Vault maps used:
D:1:      wheals_arrival_linesprint
D:2:      uniq_natasha, uniq_sigmund, uniq_jessica

Skill      XL: |  1  2 |
---------------+-------+-----
Unarmed Combat | 4 |  4.2
Fighting       | |  1.1
Dodging        | |  1.7
Spellcasting   | |  2.0
Transmutations | |  2.0

Action                   || total
-------------------------++-------
Melee: Unarmed           ||    86
       Kick              ||     8
       Tailslap          ||     5
       Headbutt          ||     5
 Cast: Beastly Appendage ||    18
Armor: Skin              ||    48
Dodge: Dodged            ||    81

Table legend:
 A = Non-vault XP
 B = Vault XP
 C = Vault XP percentage of total XP
 D = Non-vault monster count
 E = Vault monster count
 F = Vault count percentage of total count
                 A         B        C        D         E       F
            +---------+---------+-------+---------+---------+-------
      Total |      43 |       0 |   0.0 |      26 |       0 |   0.0
            +---------+---------+-------+---------+---------+-------
        D:1 |      41 |       0 |   0.0 |      25 |       0 |   0.0
        D:2 |       2 |       0 |   0.0 |       1 |       0 |   0.0
            +---------+---------+-------+---------+---------+-------
